[Event "Orbis-2 IM 2018"]
[Site "Paracin"]
[Date "2018.12.04"]
[Round "2"]
[White "Klasan, Vladimir"]
[Black "Konstantinov, Aleksandar"]
[Result "1/2-1/2"]
[ECO "A03"]
[WhiteElo "2364"]
[BlackElo "2080"]
[Annotator "ChessBase"]
[PlyCount "105"]
[EventDate "2018.12.03"]
[EventType "tourn"]
[EventCountry "SRB"]
[SourceTitle "playchess.com"]
[Source "ChessBase"]
[SourceQuality "1"]
[TimeControl "40/5400+30:1800+30"]

1. f4 d5 2. Nf3 c5 3. g3 Nc6 4. Bg2 g6 5. O-O Bg7 6. d3 Nf6 7. Nc3 O-O 8. e4 dxe4 9. dxe4 e5 10. Qxd8 Rxd8 11. Nxe5 Nxe5 12. fxe5 Ng4 13. Bg5 Re8 14. Nd5 Bxe5 15. h3 h6 16. Bd2 Bd4+ 17. Kh1 Nf2+ 18. Rxf2 Bxf2 19. Nf6+ Kf8 20. Bxh6+ Ke7 21. Nd5+ Kd6 22. Bf4+ Kc6 23. Nc7 Be6 24. Nxa8 Rxa8 25. Rd1 g5 26. Rd6+ Kb5 27. Bf1+ c4 28. Be5 Bc5 29. Rd1 Kc6 30. Bf6 Rg8 31. Kg2 Rg6 32. Bd4 Rh6 33. g4 Bd6 34. Be3 Rg6 35. b3 b5 36. bxc4 bxc4 37. Bxa7 Rg8 38. Bd4 Ra8 39. Ra1 Ra3 40. c3 Bc5 41. Be2 Bb6 42. Bxb6 Kxb6 43. Rc1 Rxa2 44. Kf2 Kc5 45. Ke3 Kd6 46. Bf3 Rh2 47. Be2 Kc5 48. Bf1 Ra2 49. Kf3 Kd6 50. Kg3 Ke5 51. Re1 Rc2 52. Re3 Rc1 53. Be2 1/2-1/2

[Event "Orbis-2 IM 2018"]
[Site "Paracin"]
[Date "2018.12.04"]
[Round "2"]
[White "Karthik Kumar Pradeep"]
[Black "Mladenovic, Stefan"]
[Result "1/2-1/2"]
[ECO "E06"]
[WhiteElo "2230"]
[BlackElo "2330"]
[Annotator "NA"]
[PlyCount "97"]
[EventDate "2018.12.03"]
[EventType "tourn"]
[EventCountry "SRB"]
[SourceTitle "playchess.com"]
[Source "ChessBase"]
[SourceQuality "1"]
[TimeControl "40/5400+30:1800+30"]

1. d4 Nf6 2. c4 e6 3. g3 d5 4. Nf3 Be7 5. Bg2 O-O 6. O-O dxc4 7. Qc2 b6 {[%emt 0:00:10] E05: Open Catalan: 5 Nf3 Be7} 8. Qxc4 (8. Ne5 Qxd4 9. Bxa8 Qxe5 10. Bf3 Nd5 11. Qxc4 Ba6 12. Qa4 c5 13. Na3 Qc7 14. Rd1 Qc8 15. Bd2 {½-½ (27) Cheparinov,I (2711)-Bacrot,E (2677) Zagreb 2018}) 8... Bb7 9. Bf4 c5 10. dxc5 Bxc5 11. Nc3 Nbd7 $146 ({Predecessor:} 11... Qe7 12. a3 Rc8 13. Qa4 Nbd7 14. Rac1 a6 15. b4 {1-0 (38) Izzat,K (2484)-Brown,M (2497) chess.com INT 2018}) 12. b4 Be7 13. Rac1 Rc8 14. Qb3 Nh5 15. Be3 Bd6 16. Nb5 Rxc1 17. Rxc1 Bb8 18. Nbd4 Nhf6 19. Nc6 Bxc6 20. Rxc6 Ne5 21. Rc1 Nfg4 22. Rd1 Qf6 23. Bc1 b5 24. h3 Nxf3+ 25. Qxf3 Qxf3 26. exf3 Ne5 27. Be3 Rc8 (27... Nc6 $14) 28. f4 Nc4 29. Bc5 Bd6 30. Bxa7 (30. Rxd6 $16 Nxd6 31. Bxd6) 30... Bxb4 {[%emt 0:00:19] [#]} 31. Rb1 $1 Bf8 32. Rxb5 Na3 33. Rb2 h5 34. Be4 g6 35. Be3 Rd8 36. Kf1 ({White should play} 36. Rd2 $16 Rxd2 37. Bxd2) 36... Nc4 37. Rc2 Nxe3+ 38. fxe3 Rd1+ 39. Ke2 Ra1 40. Rb2 Rg1 41. Kf2 Rc1 42. g4 hxg4 43. hxg4 Bc5 44. Rc2 Rxc2+ $14 45. Bxc2 Ba3 46. Ke2 Kf8 47. Kd3 Ke7 48. Kc4 Kd6 49. Kd3 {[%emt 0:00:50] Ke5 Ke4+} 1/2-1/2

[Event "Orbis-2 IM 2018"]
[Site "Paracin"]
[Date "2018.12.04"]
[Round "2"]
[White "Om Kharola"]
[Black "Besedes, Danilo"]
[Result "1-0"]
[ECO "B15"]
[WhiteElo "2080"]
[BlackElo "2300"]
[Annotator "RC"]
[PlyCount "59"]
[EventDate "2018.12.03"]
[EventType "tourn"]
[EventCountry "SRB"]
[SourceTitle "playchess.com"]
[Source "ChessBase"]
[SourceQuality "1"]
[TimeControl "40/5400+30:1800+30"]

1. e4 c6 2. d4 d5 3. Nc3 dxe4 4. Nxe4 Nf6 5. Nxf6+ exf6 6. Nf3 Bd6 7. Bd3 O-O 8. O-O Bg4 9. c3 Nd7 10. Be3 Qc7 11. h3 Bh5 12. g4 Bg6 13. Nh4 Rfe8 14. Nf5 Bf4 15. Qf3 Bxe3 16. fxe3 Rad8 17. Rad1 Nf8 18. h4 Ne6 19. Kg2 a5 20. Rf2 Rd7 21. Rh1 h6 22. Kg1 Rdd8 23. Rg2 Qd7 24. g5 fxg5 25. hxg5 Bxf5 26. Bxf5 hxg5 27. Rxg5 Kf8 28. Rh8+ Ke7 29. Bxe6 Qxe6 30. Rxe8+ 1-0

[Event "Orbis-2 IM 2018"]
[Site "Paracin"]
[Date "2018.12.04"]
[Round "3"]
[White "Konstantinov, Aleksandar"]
[Black "Rakshitta Ravi"]
[Result "1-0"]
[ECO "D35"]
[WhiteElo "2080"]
[BlackElo "2141"]
[Annotator "NA"]
[PlyCount "109"]
[EventDate "2018.12.03"]
[EventType "tourn"]
[EventCountry "SRB"]
[SourceTitle "playchess.com"]
[Source "ChessBase"]
[SourceQuality "1"]
[TimeControl "40/5400+30:1800+30"]

1. d4 Nf6 2. c4 e6 3. Nc3 d5 4. cxd5 exd5 5. Bg5 Nbd7 6. e3 Be7 7. Bd3 c6 8. Qc2 O-O 9. Nge2 Re8 10. O-O h6 11. Bh4 Nf8 12. f3 Ne6 13. Bf2 {LiveBook: 7 Games D36: Queen's Gambit Declined: Exchange Variation: Main line (5 Bg5 c6 6 Qc2)} (13. Kh1 Nh5 14. Bf2 Nf6 15. Rad1 Bd7 16. Bg1 Ng5 17. e4 dxe4 18. fxe4 Bg4 19. h3 Bh5 20. Rde1 Ne6 {1-0 (31) Le,Q (2736)-Pham,L (2354) Hanoi 2018}) 13... Bd6 14. h3 Nh5 $146 ({Predecessor:} 14... Qc7 15. e4 dxe4 16. fxe4 Be7 17. Be3 b6 18. e5 Nd7 19. Bh7+ Kf8 20. Rxf7+ Kxf7 21. Qg6+ Kf8 22. Rf1+ Nf6 23. exf6 Bxf6 24. Rxf6+ gxf6 25. Qxf6+ Qf7 26. Bxh6+ {1-0 (26) Montilla Reyes,J (2118)-Valner,S (1849) Tromsoe 2014}) 15. g4 (15. Kh1 $11) 15... Ng5 16. Kg2 Nf6 17. h4 $2 {[%emt 0:14:32] [#]} (17. Nf4 $11) 17... Nxf3 $1 18. Kxf3 Nxg4 (18... Bxg4+ 19. Kg2 $17) 19. Kg2 Rxe3 20. Bh7+ Kh8 21. Bf5 Nxf2 22. Rxf2 Qxh4 ({Stronger than} 22... Bxf5 23. Qxf5 Qxh4 24. Rh1 $11) 23. Rg1 Bxf5 24. Qxf5 Re6 25. Rh1 Qe7 26. Qxf7 Qxf7 27. Rxf7 Kg8 28. Rf3 b5 29. Nf4 Rf6 30. Nd3 Rxf3 31. Kxf3 Rf8+ 32. Kg2 Kh7 33. Re1 Rf6 34. Ne5 Re6 35. Kf3 Rf6+ 36. Ke3 (36. Kg4 $5 ) 36... g5 37. Kd3 Bxe5 38. dxe5 Re6 39. Kd4 h5 40. Nd1 Kh6 41. Nf2 g4 42. Nd3 Kg5 43. Nc5 Re7 44. e6 g3 45. Ke3 Kg4 46. Ke2 h4 47. Kf1 h3 $11 48. Kg1 d4 49. Rd1 Rh7 50. Rxd4+ Kf3 51. Rd3+ Kf4 52. Rd1 Kf3 53. Rf1+ Ke3 54. e7 h2+ 55. Kg2 1-0

[Event "Orbis-2 IM 2018"]
[Site "Paracin"]
[Date "2018.12.05"]
[Round "4"]
[White "Om Kharola"]
[Black "Konstantinov, Aleksandar"]
[Result "1-0"]
[ECO "C00"]
[WhiteElo "2080"]
[BlackElo "2080"]
[Annotator "NA"]
[PlyCount "111"]
[EventDate "2018.12.03"]
[EventType "tourn"]
[EventCountry "SRB"]
[SourceTitle "playchess.com"]
[Source "ChessBase"]
[SourceQuality "1"]
[TimeControl "40/5400+30:1800+30"]

1. e4 e6 2. d4 d5 3. Bd3 dxe4 4. Bxe4 Nf6 5. Bf3 c5 6. Ne2 Nc6 {C01: French: Exchange Variation} 7. Be3 cxd4 (7... Nd5 8. Bxd5 Qxd5 9. Nbc3 Qxg2 10. Rg1 Qf3 11. Nb5 Rb8 12. dxc5 Bd7 13. Nc7+ Kd8 14. Nb5 {0-1 (54) Kramnik,V (2808)-Caruana,F (2808) Stavanger 2017}) 8. Nxd4 Ne5 9. O-O Be7 10. Nc3 O-O 11. Qe2 {LiveBook: 4 Games} Nxf3+ 12. Qxf3 Qa5 13. Nb3 {[#]} Qh5 $146 ({Predecessor:} 13... Qc7 14. Nb5 {½-½ (34) Guerra Arrocha,D (2079)-Kharitonov,A (2566) Santa Cruz de La Palma 2018}) 14. Qxh5 Nxh5 15. Rfd1 Nf6 16. Bd4 Rd8 17. Na5 Nd5 18. Nb5 a6 19. Nc3 Nxc3 20. bxc3 f6 21. Bb6 Rxd1+ 22. Rxd1 e5 23. c4 $1 Be6 24. c5 $1 Rb8 25. a3 Kf7 26. Kf1 h5 27. Ke1 g5 28. c4 h4 29. Rb1 Bf5 30. Rb3 Be4 31. f3 Bc6 32. Ba7 Rc8 33. Nxc6 Rxc6 34. Rxb7 Ke6 35. Kd2 Bxc5 36. Bxc5 Rxc5 37. Rb6+ Kf5 38. Kc3 g4 39. fxg4+ Kxg4 40. Rxa6 (40. Rxf6 $16 a5 41. a4) 40... f5 $1 41. Rg6+ Kf4 42. Kb4 Rc8 43. c5 Re8 44. c6 e4 45. c7 e3 46. Re6 Rc8 {[#]} (46... Rxe6 $11 {and Black has nothing to worry.} 47. c8=Q Re4+ 48. Kb5 Re5+ 49. Kb6 e2 50. Qc1+ Re3) 47. Re7 $1 h3 $2 (47... e2 $16 {is tougher.}) 48. g3+ Kf3 49. Kc5 $18 Kg2 50. Kc6 Kxh2 51. Rxe3 Kg2 52. Kd7 h2 53. Re1 h1=Q 54. Rxh1 Rxc7+ 55. Kxc7 Kxh1 56. Kd6 1-0

[Event "Orbis-2 IM 2018"]
[Site "Paracin"]
[Date "2018.12.06"]
[Round "5"]
[White "Besedes, Danilo"]
[Black "Sahil, Tickoo"]
[Result "0-1"]
[ECO "D02"]
[WhiteElo "2300"]
[BlackElo "2224"]
[Annotator "NA"]
[PlyCount "84"]
[EventDate "2018.12.03"]
[EventType "tourn"]
[EventCountry "SRB"]
[SourceTitle "playchess.com"]
[Source "ChessBase"]
[SourceQuality "1"]
[TimeControl "40/5400+30:1800+30"]

1. d4 d5 2. Nf3 Nf6 3. Bf4 e6 4. e3 Bd6 5. Bg3 c5 6. c3 {[%emt 0:00:05] D02: 1 d4 d5 2 Nf3 sidelines, including 2...Nf6 3 g3 and 2...Nf6 3 Bf4} Qc7 (6... O-O 7. Nbd2 Qc7 8. Bd3 Nbd7 9. e4 cxd4 10. cxd4 dxe4 11. Nxe4 Nxe4 12. Bxe4 Nf6 13. Bd3 Qa5+ 14. Ke2 Rd8 15. Bh4 Bd7 16. Bxf6 gxf6 {0-1 (38) So,W (2815)-Carlsen,M (2832) chess.com INT 2017}) 7. Bxd6 Qxd6 8. Ne5 Nbd7 9. f4 Ne4 10. Nd2 Nxd2 11. Qxd2 $146 ({Predecessor:} 11. Kxd2 O-O 12. Nxd7 Bxd7 13. g3 {0-1 (33) Mira,H (2175)-Garcia Vicente,N (2230) Thessaloniki 1988}) 11... f6 12. Nxd7 Bxd7 13. Be2 O-O 14. O-O Rad8 15. Rad1 b6 16. Bf3 Be8 17. g3 Bg6 18. Qe2 Qe7 19. Rd2 Rd6 20. Rfd1 Rfd8 21. g4 Be4 22. Bxe4 dxe4 23. Qc4 Rd5 24. Qe2 cxd4 25. exd4 f5 26. gxf5 exf5 27. c4 R5d6 28. Qe3 Rg6+ 29. Rg2 Rxg2+ 30. Kxg2 h6 31. Rd2 Kh7 32. d5 Rd6 33. Kh1 Rg6 34. a3 a5 35. Rg2 Rxg2 36. Kxg2 {[%emt 0:00:02] [#]} Qc7 $1 37. Qc1 {[%emt 0:05:29] [#]} a4 $1 38. Qd1 Qxf4 39. d6 $19 e3 40. d7 Qf2+ 41. Kh3 e2 42. d8=Q Qf3+ 0-1

[Event "Orbis-2 IM 2018"]
[Site "Paracin"]
[Date "2018.12.06"]
[Round "5"]
[White "Konstantinov, Aleksandar"]
[Black "Karthik Kumar Pradeep"]
[Result "0-1"]
[ECO "E28"]
[WhiteElo "2080"]
[BlackElo "2230"]
[Annotator "NA"]
[PlyCount "56"]
[EventDate "2018.12.03"]
[EventType "tourn"]
[EventCountry "SRB"]
[SourceTitle "playchess.com"]
[Source "ChessBase"]
[SourceQuality "1"]
[TimeControl "40/5400+30:1800+30"]

1. d4 Nf6 2. c4 e6 3. Nc3 Bb4 4. e3 O-O 5. a3 Bxc3+ 6. bxc3 b6 7. Bd3 Bb7 8. f3 c5 9. Ne2 Nc6 10. O-O d6 11. e4 Ne8 12. Be3 {LiveBook: 7 Games} Qd7 {E28: Nimzo-Indian: Sämisch: 5...0-0 6 e3} (12... Rc8 13. Ng3 cxd4 14. cxd4 e5 15. d5 Na5 16. Rc1 Ba6 17. Qa4 f6 18. f4 Rf7 19. Be2 exf4 20. Rxf4 {1-0 (35) Shengelia,D (2529)-Bernasek,J (2506) Austria 2012}) 13. f4 (13. Nc1 $14) 13... f5 14. d5 $146 ({Predecessor:} 14. Ng3 $11 {keeps the balance.} g6 15. Qe2 Ng7 16. Rad1 Na5 17. d5 Rae8 18. Rfe1 fxe4 19. Nxe4 Nf5 20. Bf2 Kg7 21. g4 Ne7 22. Ng5 {1-0 (22) Epelman,E-Prokopp,H ICCF corr 1967}) 14... Ne7 15. Ng3 fxe4 16. Bxe4 exd5 17. Bxd5+ Nxd5 18. cxd5 b5 19. Qf3 Nf6 20. Rad1 Rae8 21. Bf2 Qf7 22. Nf5 $19 Ne4 23. g4 h5 24. h3 hxg4 25. hxg4 Qg6 26. Ng3 Ng5 27. Qd3 Nh3+ 28. Kh2 Qxg4 0-1

[Event "Orbis-2 IM 2018"]
[Site "Paracin"]
[Date "2018.12.07"]
[Round "6"]
[White "Besedes, Danilo"]
[Black "Sredojevic, Ivan"]
[Result "1-0"]
[ECO "A49"]
[WhiteElo "2300"]
[BlackElo "2271"]
[Annotator "NA"]
[PlyCount "81"]
[EventDate "2018.12.03"]
[EventType "tourn"]
[EventCountry "SRB"]
[SourceTitle "playchess.com"]
[Source "ChessBase"]
[SourceQuality "1"]
[TimeControl "40/5400+30:1800+30"]

1. d4 Nf6 2. Nf3 g6 3. g3 Bg7 4. Bg2 O-O 5. O-O d6 6. c4 Nbd7 7. Nc3 c6 8. e4 e5 9. d5 Nc5 10. Ne1 {[%emt 0:01:51] E68: King's Indian: Fianchetto: 6...Nbd7 7 0-0 e5 8 e4} (10. Qc2 a5 11. Rd1 Qe7 12. b3 cxd5 13. cxd5 Bd7 14. Qe2 b5 15. Bg5 b4 16. Bxf6 Qxf6 17. Nb1 Qe7 18. Nbd2 {0-1 (36) Wiewiora,E (2320)-Kovalev,V (2639) Katowice 2017}) 10... cxd5 11. cxd5 {[%emt 0:00:30] LiveBook: 12 Games} Bg4 12. Qc2 (12. f3 $5 Bd7 13. Be3 $14) 12... Rc8 13. f3 Bd7 $1 14. Be3 $146 ({Predecessor:} 14. Nd3 Na4 15. Be3 Qa5 16. Rfc1 Nxc3 17. bxc3 Rc7 {½-½ (30) Jaracz,P (2485)-Agopov,M (2410) Germany 2006}) 14... b5 15. Nd3 Nxd3 16. Qxd3 b4 ({Black should try} 16... a6 $14) 17. Nb5 Bxb5 18. Qxb5 Nd7 19. Qxb4 Nc5 20. Rfc1 f5 21. Qd2 a5 $18 22. Rc2 f4 23. Bf2 Bf6 24. Rd1 Bg5 25. g4 Bh4 26. Bxc5 dxc5 27. d6 Qb6 28. Bf1 Kh8 29. Bc4 Rcd8 30. Qd5 Rf6 31. d7 Qc7 32. Bb5 c4 33. Rxc4 Qb6+ 34. Qc5 Qb8 35. Kg2 Re6 36. a4 h5 37. gxh5 gxh5 38. Kh3 Be7 39. Qd5 Rg6 40. Rc6 Rg5 41. Qf7 1-0

[Event "Orbis-2 IM 2018"]
[Site "Paracin"]
[Date "2018.12.07"]
[Round "6"]
[White "Sahil, Tickoo"]
[Black "Rakshitta Ravi"]
[Result "1/2-1/2"]
[ECO "A46"]
[WhiteElo "2224"]
[BlackElo "2141"]
[Annotator "NA"]
[PlyCount "143"]
[EventDate "2018.12.03"]
[EventType "tourn"]
[EventCountry "SRB"]
[SourceTitle "playchess.com"]
[Source "ChessBase"]
[SourceQuality "1"]
[TimeControl "40/5400+30:1800+30"]

1. d4 Nf6 2. Nf3 e6 3. Bf4 Be7 4. c3 {[%emt 0:05:59] A46: 1 d4 Nf6 2 Nf3 e6: Torre, London and Colle Systems} O-O 5. Nbd2 d5 (5... Nh5 $5 6. e3 Nxf4 7. exf4 d5 $11) 6. e3 b6 {[%emt 0:01:22] LiveBook: 3 Games} 7. Qb1 $146 ({Predecessor:} 7. Ne5 Nfd7 8. Ndf3 f6 9. Nxd7 Qxd7 10. a4 a5 11. Bd3 Ba6 12. O-O c5 13. Re1 Bxd3 14. Qxd3 {0-1 (56) Appel,R (2541)-Bareev,E (2655) Mainz 2008}) 7... Ba6 8. Bxa6 Nxa6 9. e4 dxe4 10. Nxe4 c5 11. O-O cxd4 12. Nxd4 Qd5 13. Nxf6+ Bxf6 14. Rd1 Rfd8 15. Nb3 Qc4 16. Bg3 Rxd1+ 17. Qxd1 Rd8 18. Qf1 Qxf1+ 19. Kxf1 Kf8 20. Ke2 Ke7 21. f3 Rd5 22. Rd1 Rxd1 23. Kxd1 Kd7 24. Kc2 Kc6 25. Kd3 Kd5 26. Bf2 g6 27. a3 e5 28. Nd2 Be7 29. c4+ Ke6 30. b4 Nb8 31. Nb1 Na6 32. Nc3 Nc7 33. Na4 f5 34. Nc3 Kd7 35. Nd5 Bd8 36. Nxc7 Bxc7 37. h3 Bd6 38. Kc3 Ke6 39. Kd3 Kd7 40. Be3 Kc7 41. g4 a5 42. c5 bxc5 43. bxa5 Kc6 44. gxf5 gxf5 45. Kc4 e4 46. fxe4 fxe4 47. a6 Kb6 $11 48. Kd5 Bf8 49. a7 Kxa7 50. Kxe4 Kb6 51. Kd3 Kb5 52. Bc1 c4+ 53. Kc2 h5 54. Bb2 Ka4 55. Bc1 Bxa3 56. Bxa3 Kxa3 57. Kc3 h4 58. Kxc4 Ka4 59. Kd4 Kb4 60. Ke4 Kc5 61. Kf5 Kd5 62. Kg5 Ke5 63. Kxh4 Kf6 64. Kh5 Kg7 65. h4 Kh7 66. Kg5 Kg7 67. h5 Kh7 68. h6 Kg8 69. Kh5 Kh7 70. Kg5 Kg8 71. Kg6 Kh8 72. h7 1/2-1/2